 Dungeon Crawl Stone Soup version 0.31-a0-995-g04711c9635 (webtiles) character file.

Game seed: 18299623337640074273

103 Pixllover the Chopper (level 4, -1/41 HPs)
             Began as a Hill Orc Monk on Nov 6, 2023.
             Slain by Crazy Yiuf
             ... wielding a +2 quarterstaff of chaos
              (16 damage)
             ... on level 2 of the Dungeon.
             The game lasted 00:03:52 (2193 turns).

Pixllover the Chopper (Hill Orc Monk)               Turns: 2193, Time: 00:03:53

Health: -1/41      AC:  5    Str: 15    XL:     4   Next: 79%
Magic:  4/4        EV: 16    Int: 10    God:
Gold:   82         SH:  0    Dex: 13    Spells: 3/3 levels left

rFire   . . .        a - +0 hand axe
rCold   . . .        d - orb {light}
rNeg    . . .        e - +0 ring mail
rPois   .            (no helmet)
rElec   .            g - scarf {repulsion}
rCorr   .            (no gloves)
SInv    .            (no boots)
Will    .....        (no amulet)
Stlth   +            k - +5 ring of evasion
HPRegen 0.26/turn    i - ring of flight
MPRegen 0.09/turn

%: repel missiles
@: flying, glowing
A: no striking features
a: no special abilities


You were on level 2 of the Dungeon.
You visited 1 branch of the dungeon, and saw 2 of its levels.

You collected 152 gold pieces.
You spent 70 gold pieces at shops.

Inventory:

Hand Weapons
 a - a +0 hand axe (weapon)
Missiles
 n - 5 poisoned darts (quivered)
Armour
 d - an orb of light (worn)
 e - a +0 ring mail (worn)
 g - a scarf of repulsion (worn)
Jewellery
 i - a ring of flight (right hand)
 k - a +5 ring of evasion (left hand)
 m - a ring of positive energy
Scrolls
 f - 3 scrolls of teleportation
 j - a scroll of enchant weapon {unknown}
 l - 3 scrolls of fog
 q - a scroll of blinking {unknown}
Potions
 c - a potion of ambrosia
 h - a potion of mutation
 o - a potion of resistance {unknown}
 p - a potion of haste {unknown}


   Skills:
 + Level 4.7 Fighting
 + Level 5.5 Axes
 + Level 3.0 Dodging


You had 3 spell levels left.
You didn't know any spells.
Your spell library contained the following spells:

 Spells                   Type           Power      Damage    Failure   Level
 Freeze                   Ice            0%         1d3       58%         1
 Frozen Ramparts          Ice            0%         1d1       92%         3
 Hailstorm                Conj/Ice       0%         3d3       92%         3
 Ignite Poison            Fire/Tmut/Pois 0%         N/A       92%         3
 Sticky Flame             Conj/Fire      0%         2d3       100%        4
 Ignition                 Fire           0%         3d3       100%        8


Dungeon Overview and Level Annotations

Branches:
Dungeon (2/15)

Altars:

Shops:
D:2 ?

Annotations:
D:2 Crazy Yiuf


Message History

You drop a +0 robe.
Found a stone staircase leading down.
There is a stone staircase leading down here.
A ball python comes into view.
The ball python hisses angrily.
You hit the ball python.
The ball python is severely wounded.
The ball python misses you. The ball python grabs you.
The ball python constricts you.
You hit the ball python.
You kill the ball python!
Your Dodging skill increases to level 3!
You see here a ball python corpse.
A dart slug comes into view.
You slash the dart slug!
The dart slug is severely wounded.
The dart slug closely misses you.
You hit the dart slug.
You kill the dart slug!
You see here a dart slug corpse.
You now have 82 gold pieces (gained 12).
You see here a dart slug corpse.
Found a runed translucent door.
Crazy Yiuf shouts!
Crazy Yiuf laughs, "Sif Muna!
Earwax Orb Guardian bush."
Press: ? - help, v - describe, . - travel, g - get item Item here: a glowing hammer.
The floor.
Could not explore, unopened runed door.
You reach down and open the door.
You slash Crazy Yiuf!
Crazy Yiuf is heavily wounded.
Crazy Yiuf hits you with a +2 quarterstaff of chaos.
You are electrocuted!
You hit Crazy Yiuf but do no damage.
Crazy Yiuf is heavily wounded.
Crazy Yiuf yells, "Peeping!"
Crazy Yiuf hits you with a +2 quarterstaff of chaos!
You are electrocuted!
You die...

.#.# #.# #.# #.#
...# #.# #.# #.#
.### #.# #.# #.#
.###### ### ###
#.# ......# #.#
.####.#########
#.# ##
#.##.#..#.### ###
#.# #
#........#..##...#
#.#
#.......####@g...#
#######.#
#.#..#.## ###..)#
#.......# #.######
### #..######
#...# #..# #####
#..# ####


You could see Crazy Yiuf.

Vanquished Creatures
  4 adders (D:2)
  A worm (D:2)
  3 dart slugs
  7 bats
  4 endoplasms
  5 giant cockroaches
  3 goblins
  3 hobgoblins
  7 jackals (D:2)
  3 quokkas
  7 ball pythons
  A frilled lizard (D:2)
  5 kobolds
  2 rats (D:2)
55 creatures vanquished.

Notes
Turn   | Place    | Note
-------+----------+-------------------------------------------
     0 | D:1      | Pixllover the Hill Orc Monk began the quest for the Orb.
     0 | D:1      | Reached XP level 1. HP: 19/19 MP: 1/1
   190 | D:1      | Reached XP level 2. HP: 27/27 MP: 2/2
   676 | D:1      | Reached XP level 3. HP: 27/33 MP: 3/3
  1249 | D:2      | Reached skill level 5 in Axes
  1266 | D:2      | Reached XP level 4. HP: 36/41 MP: 4/4
  1505 | D:2      | Found The Oracle's Delphic Readings.
  1511 | D:2      | Bought a scroll of identify for 28 gold pieces
  1511 | D:2      | Bought a scroll of teleportation for 42 gold pieces
  1664 | D:2      | Found a faded altar of an unknown god.
  2163 | D:2      | Found a runed translucent door.
  2164 | D:2      | Noticed Crazy Yiuf
  2193 | D:2      | Slain by Crazy Yiuf

Illustrated notes

Levels and vault maps discovered:
D:1:      co_arrival_random_square_maze, layout_basic
D:2:      layout_loops_ring, hellmonk_ecumenical_altar_run_dry,
          nicolae_nh_oracle_at_delphi, uniq_crazy_yiuf_cottage

Skill      XL: |  1  2  3  4 |
---------------+-------------+-----
Fighting       | 4 |  4.7
Axes           | 5 |  5.5
Dodging        | 3 |  3.0

Action                     |  1- 3 |  4- 6 || total
---------------------------+-------+-------++-------
  Melee: Hand axe          |   101 |    64 ||   165
    Use: Scroll            |       |     2 ||     2
 Armour: Robe              |    44 |    19 ||    63
         Ring mail         |       |     2 ||     2
  Dodge: Dodged            |    88 |    49 ||   137

Table legend: (Time is in decaauts)
 A = Elapsed time spent in this place.
 B = Non-inter-level travel time spent in this place.
 C = Inter-level travel time spent in this place.
 D = Time resting spent in this place.
 E = Time spent auto-exploring this place.
 F = Levels seen in this place.
 G = Mean time per level.
                   A        B        C        D        E       F      G
               +--------+--------+--------+--------+--------+-----+--------+
         Total |   2202 |   2142 |     60 |     48 |   1510 |   2 | 1101.0 |
       Dungeon |   2202 |   2142 |     60 |     48 |   1510 |   2 | 1101.0 |
               +--------+--------+--------+--------+--------+-----+--------+

Top non-repeatable levels by time:
     D:2: 1145 daAuts
     D:1: 1057 daAuts
